AoeStats
← BoaznKini089

Lombardia

509155355Analyzed
4v4 RM · 6d ago on Sep 25, 2026· 60m 18s· 8 players
Game mode
Random Map
Map size
Large (8 player)
Population
200
Speed
Normal
Resources
Standard
Victory
Conquest
Starting age
Dark Age
Ending age
Imperial Age
RankedLock teamsTeams togetherTeam positionsShared explorationLock speedFull tech treeHidden civsTurbo modeCheats
Victory
Defeat
🇷🇺 Bengalis · Russia
840
+13
🇷🇺 Vietnamese · Russia
838
+13
🇷🇺 Spanish · Russia
837
+13
🇷🇺 Saracens · Russia
837
+13
🇹🇷 Wu · Türkiye
788
-13
🇹🇷 Maya · Türkiye
788
-14
🇩🇪 Saxons · Germany
764
-13
🇨🇱 Japanese · Chile
759
-12
Mapuche Mayer
11:19 Feudal Age
9:44 Loom
11:29 Feudal Age
16:41 Castle Age
15:06 Double-Bit Axe
15:02 Horse Collar
24:30 Wheelbarrow
24:19 Bow Saw
24:34 Heavy Plow
24:39 Town Watch
26:30 Stone Mining
28:56 Caravan
29:26 Coinage
30:27 Hand Cart
30:04 Fletching
30:39 Fortified Wall
30:49 Ballistics
35:10 Imperial Age
32:40 Guard Tower
32:53 Yasama
33:04 Bodkin Arrow
33:09 Padded Archer Armor
36:27 Keep
36:54 Chemistry
37:37 Two-Man Saw
36:32 Gold Mining
36:36 Pikeman
37:16 Squires
37:02 Arson
37:34 Town Patrol
37:25 Arrowslits
37:42 Bracer
37:43 Scale Mail Armor
37:53 Forging
38:17 Kataparuto
38:17 Conscription
37:35 Halberdier
39:07 Onager
41:02 Iron Casting
40:42 Chain Mail Armor
44:45 Elite Samurai
46:00 Hoardings
48:14 Plate Mail Armor
48:45 Blast Furnace
48:01 Leather Archer Armor
47:52 Scale Barding Armor
47:16 Heavy Scorpion
53:11 Ring Archer Armor
54:29 Capped Ram
57:28 Heavy Cavalry Archer
58:33 Parthian Tactics
58:14 Thumb Ring
60:11 Bloodlines
60:01 Husbandry
Genovese
8:59 Loom
11:36 Feudal Age
12:04 Double-Bit Axe
12:06 Horse Collar
13:31 Wheelbarrow
16:24 Forging
19:26 Scale Mail Armor
23:27 Castle Age
24:43 Hand Cart
24:46 Bow Saw
25:12 Caravan
25:42 Coinage
25:53 Town Watch
27:03 Heavy Plow
30:54 Town Patrol
36:34 Ballistics
35:54 Treadmill Crane
40:23 Imperial Age
38:23 Eagle Warrior
39:03 Squires
39:28 Fletching
39:38 Padded Archer Armor
40:14 Iron Casting
39:55 Chain Mail Armor
40:34 Gold Mining
40:34 Stone Mining
40:52 Bodkin Arrow
41:18 Leather Archer Armor
42:08 Chemistry
41:19 Masonry
42:23 Two-Man Saw
42:12 Bracer
43:13 Blast Furnace
42:40 Conscription
43:03 Banking
43:00 Guilds
42:22 Elite Plumed Archer
43:03 Hul'che Javelineers
43:41 Holcans
43:47 Hoardings
42:43 Sappers
43:14 Hul'che Javelineers
44:01 Stone Shaft Mining
43:31 Onager
52:52 Elite Eagle Warrior
58:56 Pikeman
BoaznKini089
10:55 Loom
13:04 Feudal Age
14:13 Gold Mining
14:14 Stone Mining
14:08 Horse Collar
14:16 Double-Bit Axe
16:52 Wheelbarrow
22:17 Castle Age
23:35 Bow Saw
24:04 Gold Shaft Mining
23:34 Heavy Plow
23:47 Forging
23:38 Scale Mail Armor
23:46 Caravan
25:22 Iron Casting
26:27 Fortified Wall
26:09 Heated Shot
26:54 Masonry
27:05 Ballistics
26:41 Murder Holes
28:02 Fletching
28:13 Padded Archer Armor
28:50 Guard Tower
29:23 Bodkin Arrow
29:43 Leather Archer Armor
29:22 Treadmill Crane
31:02 Thumb Ring
31:22 Hand Cart
31:54 Gambesons
32:10 Squires
31:56 Arson
32:32 Chain Mail Armor
39:02 Imperial Age
37:14 Clerical Recruitment
40:11 Block Printing
40:25 Illumination
40:53 Redemption
40:18 Cranequins
42:09 Heavy Mounted Crossbowman
44:13 Theocracy
44:55 Chemistry
44:05 Bracer
45:14 Conscription
46:00 Elite Skirmisher
46:54 Elite Hearth Troop
47:03 Elite Varangian Guard
Ramizpaşa
7:30 Loom
10:56 Feudal Age
11:28 Double-Bit Axe
11:37 Horse Collar
19:23 Stone Mining
19:24 Gold Mining
19:24 Town Watch
22:12 Castle Age
20:09 Fletching
20:21 Padded Archer Armor
21:14 Forging
22:05 Scale Mail Armor
22:12 Scale Barding Armor
25:52 Bow Saw
31:50 Wheelbarrow
32:36 Heavy Plow
35:19 Stone Shaft Mining
35:24 Gold Shaft Mining
35:19 Town Patrol
36:17 Hand Cart
39:55 Imperial Age
38:31 Bodkin Arrow
39:12 Iron Casting
38:52 Leather Archer Armor
38:53 Chain Mail Armor
38:58 Chain Barding Armor
39:02 Ballistics
38:23 Treadmill Crane
38:54 Masonry
39:03 Heated Shot
39:57 Chain Barding Armor
39:52 Caravan
40:15 Elite Fire Archer
42:19 Two-Man Saw
42:45 Chemistry
42:15 Conscription
41:56 Sitting Tiger
43:04 Coinage
42:46 Guilds
42:45 Squires
42:31 Arson
43:20 Bracer
44:01 Plate Mail Armor
44:19 Red Cliffs Tactics
44:23 Husbandry
44:39 Arson
44:15 Pikeman
46:03 Blast Furnace
46:03 Plate Barding Armor
45:14 Heavy Hei Guang Cavalry
51:44 Halberdier
56:54 Banking
IvanD
10:36 Loom
15:37 Feudal Age
16:55 Wheelbarrow
16:06 Town Watch
16:10 Double-Bit Axe
16:23 Horse Collar
18:33 Gold Mining
18:50 Stone Mining
19:37 Fletching
19:48 Padded Archer Armor
26:35 Castle Age
25:58 Forging
27:43 Bow Saw
27:51 Hand Cart
27:40 Caravan
27:48 Heavy Plow
28:03 Town Patrol
30:30 Husbandry
33:03 Paiks
37:17 Imperial Age
35:07 Bodkin Arrow
36:30 Leather Archer Armor
36:51 Iron Casting
37:21 Coinage
37:44 Ballistics
37:20 Murder Holes
37:35 Masonry
37:45 Scale Barding Armor
37:56 Bloodlines
38:49 Mahayana
37:53 Elite Ratha (Ranged)
39:45 Gold Shaft Mining
39:28 Guilds
40:24 Conscription
42:15 Chemistry
41:23 Siege Engineers
46:34 Siege Elephant
48:03 Banking
49:14 Elite Battle Elephant
49:19 Elite Elephant Archer
52:37 Onager
59:09 Architecture
58:27 Arrowslits
58:40 Light Cavalry
59:40 Fortified Wall
59:14 Elite Skirmisher
59:57 Imperial Skirmisher
60:50 Bracer
61:52 Blast Furnace
61:27 Ring Archer Armor
Seeker
0:38 Loom
10:51 Feudal Age
11:37 Double-Bit Axe
11:34 Horse Collar
11:56 Stone Mining
17:11 Wheelbarrow
19:28 Gold Mining
20:22 Forging
21:34 Bloodlines
24:45 Castle Age
28:28 Iron Casting
30:24 Stone Shaft Mining
31:23 Bow Saw
31:16 Heavy Plow
32:42 Light Cavalry
33:26 Scale Mail Armor
33:57 Caravan
39:35 Imperial Age
37:25 Hand Cart
36:57 Town Watch
39:14 Chain Mail Armor
38:50 Fletching
39:00 Padded Archer Armor
40:56 Conscription
40:26 Cavalier
41:59 Town Patrol
42:36 Elite Conquistador
48:24 Blast Furnace
47:54 Plate Mail Armor
47:30 Scale Barding Armor
48:35 Two-Man Saw
51:02 Chemistry
50:12 Fortified Wall
50:25 Ballistics
52:22 Paladin
53:04 Husbandry
56:10 Chain Barding Armor
55:45 Bodkin Arrow
56:05 Leather Archer Armor
56:14 Chain Barding Armor
56:10 Leather Archer Armor
Guardian of Tirisfal
0:46 Loom
11:43 Feudal Age
12:31 Horse Collar
12:39 Double-Bit Axe
13:43 Wheelbarrow
20:30 Castle Age
18:29 Man-at-Arms
22:15 Forging
22:05 Scale Mail Armor
22:24 Hand Cart
22:36 Bloodlines
22:27 Husbandry
22:16 Gambesons
22:31 Squires
21:53 Long Swordsman
21:53 Pikeman
22:52 Light Cavalry
28:11 Caravan
32:50 Fletching
33:01 Padded Archer Armor
33:14 Arson
34:24 Ballistics
37:30 Imperial Age
35:34 Gold Mining
36:24 Iron Casting
36:04 Chain Mail Armor
35:56 Scale Barding Armor
35:46 Bodkin Arrow
36:07 Leather Archer Armor
35:40 Town Watch
38:13 Masonry
38:04 Two-Handed Swordsman
38:05 Pikeman
38:08 Hussar
38:08 Heavy Camel Rider
38:12 Elite Mameluke
39:58 Chemistry
39:57 Champion
48:58 Blast Furnace
48:29 Plate Mail Armor
48:11 Siege Engineers
60:37 Town Patrol
Shram
0:35 Loom
13:07 Feudal Age
13:50 Horse Collar
13:59 Double-Bit Axe
14:53 Wheelbarrow
14:21 Town Watch
15:52 Gold Mining
15:53 Stone Mining
19:22 Fletching
19:33 Padded Archer Armor
25:22 Castle Age
26:07 Bodkin Arrow
26:28 Leather Archer Armor
27:04 Hand Cart
27:23 Bow Saw
27:15 Heavy Plow
27:21 Caravan
28:43 Ballistics
28:34 Treadmill Crane
30:50 Town Patrol
32:23 Thumb Ring
31:39 Elite Skirmisher
34:51 Imperial Age
32:44 Chatras
34:00 Stone Shaft Mining
35:34 Bloodlines
35:25 Husbandry
37:26 Chemistry
36:37 Fortified Wall
35:51 Elite Rattan Archer
36:52 Paper Money
35:58 Elite Rattan Archer
38:19 Elite Battle Elephant
39:35 Bracer
40:05 Ring Archer Armor
39:46 Forging
39:37 Scale Mail Armor
39:42 Scale Barding Armor
44:06 Siege Engineers
44:19 Chain Mail Armor
44:40 Iron Casting
44:26 Chain Barding Armor
Connection lost

Rejoining the realm…

Still unreachable

The connection could not be restored.

Session expired

The server has moved on; the page needs a fresh start.